 Dungeon Crawl Stone Soup version 0.25.1-8-g42b30a86e7 (webtiles) character file.

Game seed: 7675814793245308846

385 Clowwww the Chopper (level 6, -7/48 HPs)
             Began as a Demonspawn Abyssal Knight on Dec 13, 2020.
             Was a Believer of Lugonu.
             Killed from afar by an orc wizard (12 damage)
             ... with a magic dart
             ... on level 3 of the Dungeon.
             The game lasted 00:05:23 (2427 turns).

Clowwww the Chopper (Demonspawn Abyssal Knight)     Turns: 2427, Time: 00:05:24

Health: -7/48      AC:  3    Str: 14    XL:     6   Next: 48%
Magic:  8/8        EV: 11    Int: 14    God:    Lugonu [**....]
Gold:   105        SH:  9    Dex: 12    Spells: 5/5 levels left

rFire    + + .     SeeInvis .   m - +0 hand axe (elec)
rCold    x . .     Gourm    .   q - +2 kite shield
rNeg     . . .     Faith    .   b - +0 leather armour
rPois    .         Spirit   .   (helmet restricted)
rElec    .         Reflect  .   (no cloak)
rCorr    .         Harm     .   (no gloves)
MR       .....                  (no boots)
Stlth    +.........             (no amulet)
HPRegen  0.16/turn              f - ring of fire (curse)
MPRegen  0.11/turn              a - ring of protection from fire

@: no status effects
A: horns 1, repulsion field 1, powered by pain 1
a: Depart the Abyss, Bend Space, Renounce Religion


You were on level 3 of the Dungeon.
You worshipped Lugonu.
Lugonu was pleased with you.
You were not hungry.

You visited 1 branch of the dungeon, and saw 4 of its levels.
You visited the Abyss 1 time.

You collected 105 gold pieces.

Inventory:

Hand Weapons
 m - a +0 hand axe of electrocution (weapon)
Armour
 b - a +0 leather armour (worn)
 q - a +2 kite shield (worn)
Jewellery
 a - a ring of protection from fire (right hand)
 f - a cursed ring of fire (left hand)
 i - an uncursed ring of flight
Scrolls
 e - a scroll of identify {unknown}
 h - a scroll of amnesia {unknown}
 j - a scroll of remove curse {unknown}
 l - 2 scrolls of immolation {unknown}
 n - a scroll of fear {unknown}
 p - a scroll of teleportation {unknown}
Potions
 d - 2 potions of lignification {unknown}
 g - a potion of heal wounds {unknown}
 k - 2 potions of invisibility {unknown}
Comestibles
 c - 6 rations


   Skills:
 + Level 4.3 Fighting
 + Level 4.4 Axes
 + Level 2.6 Armour
 + Level 2.0 Dodging
 + Level 1.3 Stealth
 + Level 2.9 Invocations


You had 5 spell levels left.
You didn't know any spells.
Your spell library was empty.

Dungeon Overview and Level Annotations

Branches:
Dungeon (4/15)
 Temple: D:4-7

Altars:
Uskayaw


Innate Abilities, Weirdness & Mutations

You have a pair of small horns on your head.
You are surrounded by a mild repulsion field. (EV +2)
You sometimes gain a little power by taking damage.


Message History

The orc priest is moderately wounded.
You miss something. You closely miss something.
The orc priest calls down the wrath of Beogh upon you.
Pain shoots through your body!
You hear some strange, mumbled words.
A magic dart appears from out of thin air!
The magic dart hits you.
* * * LOW HITPOINT WARNING * * *
Something hits you.
* * * LOW HITPOINT WARNING * * *
The orc priest hits you but does no damage.
You hit the orc priest but do no damage.
The orc priest is moderately wounded.
You closely miss something. You hit something but do no damage.
Something hits you.
* * * LOW HITPOINT WARNING * * *
You hear some strange, mumbled words.
A magic dart appears from out of thin air!
The magic dart hits you!
You die...

...##############
.....so@......8.#
..........{{.###...8#
...........?.##...P.#
.............##.8...#
.............##..#.##
........########...#
........# #.###
........### #.#
.......>..# #.#


You could see an orc priest and a giant cockroach.

Vanquished Creatures
  2 ogres (D:4)
  2 centaur skeletons
  3 worker ants (D:4)
  A hound skeleton (D:4)
  An adder (D:4)
  An ooze (D:1)
  3 adder skeletons
  A worm (D:4)
  3 leopard geckos
  An orc (D:3)
  4 bats (D:1)
  2 giant cockroaches (D:4)
  6 goblins (D:1)
  5 hobgoblins
  5 jackals
  2 frilled lizards
  A kobold (D:1)
  11 rats
54 creatures vanquished.

Vanquished Creatures (others)
  An orc wizard (D:3)
1 creature vanquished.

Grand Total: 55 creatures vanquished

Notes
Turn   | Place    | Note
-------+----------+-------------------------------------------
     0 | Abyss:1  | Clowwww the Demonspawn Abyssal Knight began the quest for
                  | the Orb.
     0 | Abyss:1  | Reached XP level 1. HP: 18/18 MP: 2/2
    28 | Abyss:1  | Noticed a thrashing horror
    33 | D:1      | Escaped the Abyss
   302 | D:1      | Reached skill level 1 in Dodging
   342 | D:1      | Gained mutation: You have a pair of small horns on your
                  | head. [demonic ancestry]
   342 | D:1      | Reached XP level 2. HP: 20/24 MP: 4/4
   346 | D:1      | Reached * piety under Lugonu
   838 | D:1      | Gained mutation: You are surrounded by a mild repulsion
                  | field. (EV +2) [demonic ancestry]
   838 | D:1      | Reached XP level 3. HP: 29/30 MP: 5/5
  1195 | D:2      | Noticed an ogre
  1275 | D:3      | Gained mutation: You sometimes gain a little power by
                  | taking damage. [demonic ancestry]
  1275 | D:3      | Reached XP level 4. HP: 29/37 MP: 6/6
  1346 | D:4      | Reached ** piety under Lugonu
  1851 | D:4      | Noticed an ogre
  1856 | D:4      | Killed an ogre
  1856 | D:4      | Reached skill level 1 in Stealth
  1856 | D:4      | Reached XP level 5. HP: 42/42 MP: 7/7
  1867 | D:4      | Found a hide-covered altar of Uskayaw.
  1868 | D:4      | Noticed an ogre
  1876 | D:4      | Killed an ogre
  1876 | D:4      | Reached XP level 6. HP: 38/48 MP: 8/8
  2427 | D:3      | Killed from afar by an orc wizard

Illustrated notes

Levels and vault maps discovered:
D:1:      minmay_arrival_up_and_down, layout_loops_ring, grunt_decor_fettered,
          kennysheep_boxes
D:2:      minmay_skewed_foursquare, layout_basic, fedhas_altar_2,
          okawaru_altar_gauntlet_db
D:3:      cheibrodos_pilgrimage, layout_basic,
          grunt_temple_overflow_gold_and_silver, serial_undead, serial_undead_d,
          serial_undead_c, serial_undead_f, serial_undead_f, serial_undead_c,
          serial_undead_e, serial_undead_c, serial_undead_e
D:4:      layout_loops_ring, eat_drink_and_be_merry_uskayaw,
          nicolae_ru_the_path_less_chosen, kennysheep_nub, minmay_fountain_box

Skill      XL: |  1  2  3  4  5  6 |
---------------+-------------------+-----
Dodging        | 1 2 |  2.0
Axes           | 2 3 4 |  4.4
Armour         | 2 |  2.6
Fighting       | 4 |  4.3
Stealth        | 1 |  1.3
Invocations    | |  2.9

Action                   |  1- 3 |  4- 6 || total
-------------------------+-------+-------++-------
Melee: Hand axe          |    75 |    69 ||   144
       Headbutt          |     9 |    12 ||    21
Invok: Depart the Abyss  |     1 |       ||     1
 Stab: Sleeping          |     1 |     2 ||     3
  Eat: Chunk             |     1 |     4 ||     5
Armor: Leather armour    |    23 |    10 ||    33
Dodge: Dodged            |    51 |    36 ||    87
Block: Kite shield       |       |     1 ||     1
